[Event "CZE-ch U16 2020"]
[Site "Kouty nad Desnou"]
[Date "2020.03.10"]
[Round "5.11"]
[White "Janouch, Jachym Stepan"]
[Black "Habenicht, Martin"]
[Result "1-0"]
[ECO "B13"]
[WhiteElo "1888"]
[BlackElo "1970"]
[Annotator "ChessBase"]
[PlyCount "49"]
[EventDate "2020.03.07"]
[EventCountry "CZE"]
[SourceTitle "playchess.com"]
[Source "ChessBase"]
[SourceQuality "1"]
[TimeControl "5400+30"]

1. e4 d5 2. exd5 Nf6 3. c4 c6 4. d4 cxd5 5. Nc3 Nc6 6. Nf3 Bg4 7. cxd5 Nxd5 8. Qb3 Bxf3 9. gxf3 Nb6 10. d5 Nd4 11. Qd1 e5 12. dxe6 fxe6 13. Be3 Bc5 14. Bxd4 Qxd4 15. Bb5+ Ke7 16. Qe2 Rhf8 17. Rd1 Qf4 18. Rd7+ Kf6 19. Ne4+ Kg6 20. Rg1+ Kh6 21. Rg4 Nxd7 22. Rxf4 Bb4+ 23. Kf1 Rxf4 24. Bxd7 Raf8 25. Qc4 1-0

[Event "CZE-ch U16 2020"]
[Site "Kouty nad Desnou"]
[Date "2020.03.11"]
[Round "6.7"]
[White "Volak, Simon"]
[Black "Jun, Rudolf Jr."]
[Result "1/2-1/2"]
[ECO "B33"]
[WhiteElo "1937"]
[BlackElo "2104"]
[Annotator "ChessBase"]
[PlyCount "78"]
[EventDate "2020.03.07"]
[EventCountry "CZE"]
[SourceTitle "playchess.com"]
[Source "ChessBase"]
[SourceQuality "1"]
[TimeControl "5400+30"]

1. e4 c5 2. Nf3 Nc6 3. d4 cxd4 4. Nxd4 Nf6 5. Nc3 e5 6. Ndb5 d6 7. Bg5 a6 8. Na3 b5 9. Nd5 Be7 10. Bxf6 Bxf6 11. c3 Bg5 12. Nc2 O-O 13. a4 bxa4 14. Rxa4 a5 15. Bc4 Bd7 16. Ra2 Kh8 17. Nce3 Be6 18. b3 Ne7 19. Qd3 f5 20. Nxe7 fxe4 21. Qxe4 Qxe7 22. O-O Bxe3 23. Qxe3 Bxc4 24. bxc4 Qc7 25. Ra4 Rf4 26. Qd3 Raf8 27. Qd5 Qb6 28. Ra2 Qb3 29. Qxa5 Qxc4 30. Qa6 Qc5 31. Qa5 Qc4 32. Qa6 h6 33. Qxc4 Rxc4 34. Rd2 Rd8 35. Rfd1 Rxc3 36. h3 Rc6 37. Rd5 Kg8 38. Rxe5 dxe5 39. Rxd8+ Kf7 1/2-1/2

[Event "CZE-ch U16 2020"]
[Site "Kouty nad Desnou"]
[Date "2020.03.11"]
[Round "6.10"]
[White "Kolar, Jan"]
[Black "Janouch, Jachym Stepan"]
[Result "0-1"]
[ECO "B06"]
[WhiteElo "1760"]
[BlackElo "1888"]
[Annotator "NA"]
[PlyCount "68"]
[EventDate "2020.03.07"]
[EventCountry "CZE"]
[SourceTitle "playchess.com"]
[Source "ChessBase"]
[SourceQuality "1"]
[TimeControl "5400+30"]

1. e4 d6 2. d4 g6 3. Nc3 Bg7 4. Be3 a6 5. h4 b5 6. h5 {[%emt 0:02:13] B06: Modern Defence.} Bb7 {[%emt 0:03:06] [#]} 7. hxg6 $146 ({Predecessor:} 7. f3 Nd7 8. Qd2 c5 9. Nge2 Rc8 10. dxc5 Nxc5 11. Nd4 Nf6 12. h6 Bf8 13. Nb3 Nxb3 14. axb3 {½-½ (68) Inkiov,V (2465)-Salgado Lopez,I (2598) Haguenau 2013}) 7... fxg6 (7... hxg6 $14 8. Rxh8 Bxh8) 8. a3 Nd7 9. Nf3 Nf8 10. Bd3 Qd7 11. Qe2 c6 12. e5 d5 13. a4 e6 14. Kd2 Ne7 15. g4 (15. axb5 $18 {and White stays clearly on top.} cxb5 16. Na2) 15... b4 16. Na2 c5 17. dxc5 Nc6 (17... d4 $16 18. Bg5 (18. Bxd4 Rd8 $16) 18... Qd5) 18. Bf4 (18. c3 $18) 18... Qe7 (18... Qf7 $14 19. Qe3 d4 20. Nxd4 Nxd4 21. Qxd4 Nd7) 19. Nc1 (19. Qe3 $16) 19... Nd7 $1 20. Nb3 (20. Rxh7 $1 $11 {keeps the balance.} O-O 21. Bg5) 20... Nxc5 (20... O-O $15 21. Bg5 Qf7) 21. Nxc5 Qxc5 22. Rxh7 (22. Be3 $14 Qe7 23. Bg5) 22... O-O $2 {[%emt 0:04:53] [#]} (22... Rxh7 $11 23. Bxg6+ {[%mdl 64] Double Attack} Kd7 24. Bxh7 Rf8) 23. Bh6 $4 (23. Rxg7+ $1 $18 {[%mdl 512] was the only winning move.} Kxg7 24. Be3) 23... Kxh7 24. Ng5+ (24. Rh1 $142 Bxh6+ 25. g5 {[%mdl 64] Pin}) 24... Kg8 25. Bxg7 Rxf2 26. Rh1 Rxe2+ 27. Kxe2 Nd4+ 28. Kd1 Kxg7 29. Rh7+ Kg8 30. Rh6 Qe7 31. Rxg6+ Qg7 32. c3 bxc3 33. bxc3 {[%emt 0:00:07] [#]} Qxg6 $1 34. Bxg6 Nc6 $19 0-1